 Dungeon Crawl Stone Soup version 0.28.0-53-g5a82cb258f (webtiles) character file.

Game seed: 2454114254254302880

9 Descartes the Sneak (level 2, -1/16 HPs)
             Began as a Spriggan Delver on Aug 14, 2022.
             Slain by Terence
             ... wielding a +0 trident
              (8 damage)
             ... on level 2 of the Dungeon.
             The game lasted 00:01:32 (553 turns).

Descartes the Sneak (Spriggan Delver)                Turns: 553, Time: 00:01:33

Health: -1/16      AC:  2    Str:  8    XL:     2   Next: 3%
Magic:  3/3        EV: 17    Int: 11    God:
Gold:   24         SH:  0    Dex: 16    Spells: 1/1 levels left

rFire   . . .      SeeInvis +   a - +0 short sword
rCold   . . .      Faith    .   (no shield)
rNeg    . . .      Spirit   .   b - +0 robe
rPois   .          Reflect  .   (helmet restricted)
rElec   .          Harm     .   (no cloak)
rCorr   .          Rampage  .   (gloves unavailable)
Will    .....                   (boots unavailable)
Stlth   ++++......              (no amulet)
HPRegen 0.05/turn               (no ring)
MPRegen 0.08/turn               (no ring)

@: hasted, very quick
A: very small, no large weapons, unfitting armour, see invisible, speed 3
a: no special abilities


You were on level 2 of the Dungeon.
You visited 1 branch of the dungeon, and saw 4 of its levels.

You collected 24 gold pieces.

Inventory:

Hand Weapons
 a - a +0 short sword (weapon)
Missiles
 i - 14 stones (quivered)
Armour
 b - a +0 robe (worn)
Wands
 g - a wand of digging (3)
Scrolls
 c - a scroll of fog
 d - 2 scrolls of magic mapping
 e - a scroll of fear
Potions
 h - a potion of curing {unknown}


   Skills:
 - Level 2.4 Fighting
 + Level 2.5 Short Blades
 + Level 3.1 Dodging
 + Level 7.5 Stealth


You had one spell level left.
You didn't know any spells.
Your spell library was empty.

Dungeon Overview and Level Annotations

Branches:
Dungeon (5/15)
 Temple: D:4-7

Altars:

Annotations:
D:2 Terence


Innate Abilities, Weirdness & Mutations

You are very small and have problems with some larger weapons.
You are too small for most types of armour.
You have supernaturally acute eyesight. (SInv)
You cover ground extremely quickly. (Speed+++)


Message History

You are too injured to fight recklessly!
You are too injured to fight recklessly!
You are too injured to fight recklessly!
You are too injured to fight recklessly!
You are too injured to fight recklessly!
You are too injured to fight recklessly!
You are too injured to fight recklessly!
The bat barely misses you.
Unknown command.
The bat misses you. The bat barely misses you.
The bat hits you but does no damage. The bat closely misses you.
The bat hits you.
You see here a jackal skeleton.
The bat hits you but does no damage.
You hit the bat.
You kill the bat!
Terence is nearby!
You feel yourself speed up.
You are too injured to fight recklessly!
You are too injured to fight recklessly!
You hit Terence but do no damage. Terence closely misses you.
You hit Terence but do no damage. You hit Terence but do no damage.
Terence barely misses you.
You hit Terence.
Terence is lightly wounded.
Terence misses you.
You closely miss Terence.
Terence is lightly wounded.
You hit Terence but do no damage.
Terence is lightly wounded.
Terence misses you.
You hit Terence but do no damage.
Terence is lightly wounded.
You hit Terence but do no damage.
Terence is lightly wounded.
Terence hits you with a +0 trident!
Ouch! That really hurt!
You die...

#.##....#..# # .....# .
#.##...>...# #.##. #.# ##.
#.##..#†##.# ####.##.##.## #..
#..........# #...........# #..
##.......### #.##.#.##...# #..
#...##..#####.##.#.##)..# #..
#....#........#.........#####..
#..#.#........#.##.##.#......).
#.............@@............÷..
#......#.......................
###.####.....###.############..
#.# ####### #.# #.. #.# #.# #..
#.# #####.# #.. #.# #.....# #..
#.# #.##### ##. #.########.# .#


You could see Terence.

Vanquished Creatures
  A goblin (D:3)
  A hobgoblin (D:2)
  2 jackals (D:2)
  2 bats (D:2)
  2 kobolds (D:2)
8 creatures vanquished.

Notes
Turn   | Place    | Note
-------+----------+-------------------------------------------
     0 | D:5      | Descartes the Spriggan Delver began the quest for the Orb.
     0 | D:5      | Reached XP level 1. HP: 11/11 MP: 2/2
   454 | D:2      | Reached XP level 2. HP: 14/16 MP: 3/3
   494 | D:2      | Noticed Terence
   553 | D:2      | Slain by Terence

Illustrated notes

Levels and vault maps discovered:
D:2:      layout_loops_cross, uniq_terence
D:3:      layout_loops_corners, mainiacjoe_overflow_two_lobes, serial_shops,
          shop
D:4:      layout_cave_pools, lexackson_kobold_supper, uniq_eustachio
D:5:      old_forge, layout_basic, minmay_temple_entry_offerings,
          minmay_misc_feat_nine_boxes, uniq_crazy_yiuf_cottage

Skill      XL: |  1 |
---------------+----+-----
Dodging        | 3 |  3.1
Fighting       | |  2.4
Short Blades   | |  2.5
Stealth        | |  7.5

Action                   || total
-------------------------++-------
Melee: Short sword       ||    46
  Use: Potion            ||     1
 Stab: Sleeping          ||     3
Armor: Robe              ||    13
Dodge: Dodged            ||    50
